 Dungeon Crawl Stone Soup version 0.30.0-29-ga12c61a403 (webtiles) character file.

Game seed: 9058976248404900580

110765 qw the Severer (level 16, -7/105 HPs)
             Began as a Gargoyle Fighter on June 4, 2023.
             Was an Elder of Okawaru.
             Killed by divine providence
             ... invoked by Saint Roka
              (14 damage)
             ... on level 2 of the Orcish Mines.
             The game lasted 00:16:29 (25663 turns).

qw the Severer (Gargoyle Fighter)                  Turns: 25663, Time: 00:16:30

Health: -7/105     AC: 43    Str: 30    XL:     16   Next: 55%
Magic:  23/23      EV: 12    Int: 10    God:    Okawaru [****..]
Gold:   922        SH: 16    Dex: 11    Spells: 15/15 levels left

rFire   + . .        c - +6 war axe of Caiwas {speed, rF+ Str+3 Dex+2 Stlth-}
rCold   . . .        I - +2 kite shield
rNeg    + . .        K - +0 shadow dragon scales
rPois   inf          B - +0 helmet {SInv}
rElec   +            s - +0 cloak
rCorr   .            (no gloves)
SInv    +            x - +2 pair of boots
Will    +....        z - amulet of faith
Stlth   +++          l - +4 ring of slaying {mikee}
HPRegen 0.37/turn    h - +4 ring of protection
MPRegen 0.18/turn

%: faith
@: about to teleport, heroic, flying
A: sickness immunity, AC +12, big wings, negative energy resistance 1,
electricity resistance, torment resistance 1, petrification resistance, wild
magic 1, noise suppression
a: Renounce Religion, Heroism, Finesse


You were on level 2 of the Orcish Mines.
You worshipped Okawaru.
Okawaru was greatly pleased with you.
You visited 4 branches of the dungeon, and saw 23 of its levels.
You also visited: Sewer and Gauntlet.

You collected 2429 gold pieces.
You spent 1507 gold pieces at shops.


Innate Abilities, Weirdness & Mutations

You are immune to sickness and miasma.
Your stone body is resilient. (AC +12)
You are immune to poison.
Your large and strong wings let you fly.
You resist negative energy. (rN+)
You are resistant to electric shocks. (rElec)
You are resistant to unholy torment.
You are immune to petrification.
Your spells are a little harder to cast, but a little more powerful.
You passively dampen the noise of your surroundings.


   Skills:
 - Level 13.7(18.7) Fighting
 - Level 16.0(21.0) Axes
 - Level 7.0(12.0) Throwing
 + Level 12.6(17.6) Armour
 - Level 4.0(9.0) Dodging
 - Level 13.6(18.6) Shields
 - Level 10.0 Invocations


You had 15 spell levels left.
You didn't know any spells.
Your spell library was empty.

Inventory:

Hand Weapons
 c - the +6 war axe of Caiwas (weapon) {speed, rF+ Str+3 Dex+2 Stlth-}
   (You took it off a deep elf archer on level 12 of the Dungeon)

   Str:       It affects your strength (+3).
   Dex:       It affects your dexterity (+2).
   rF:        It protects you from fire.
   Stlth:     It makes you less stealthy.
 C - a +2 war axe of flaming
 H - a +2 heavy broad axe
Missiles
 g - 2 boomerangs of dispersal
 p - a silver javelin (quivered)
 E - 13 boomerangs
 F - 4 javelins
Armour
 r - a +2 helmet
 s - a +0 cloak (worn)
 t - a +2 plate armour of positive energy
 v - a +0 chain mail of cold resistance
 w - a +1 chain mail of fire resistance
 x - a +2 pair of boots (worn)
 B - a +0 helmet of see invisible (worn)
 G - +0 acid dragon scales
 I - a +2 kite shield (worn)
 K - +0 shadow dragon scales (worn)
Jewellery
 h - a +4 ring of protection (right hand)
 i - a ring of protection from fire
 l - a +4 ring of slaying (left hand) {mikee}
 y - the amulet "Jofod" {Reflect MP+9 Int+5 Dex-2 SH+5}
   (You found it in a Gauntlet)

   [amulet of reflection]

   It reflects blocked missile attacks.
   Int:       It affects your intelligence (+5).
   Dex:       It affects your dexterity (-2).
   MP:        It affects your magic capacity (+9).
   SH:        It affects your SH (+5).
 z - an amulet of faith (around neck)
 D - the ring "Ruif" {rF+ rC+ rCorr Str-4}
   (You found it in a Gauntlet)

   [ring of resist corrosion]

   Str:       It affects your strength (-4).
   rF:        It protects you from fire.
   rC:        It protects you from cold.
   rCorr:     It protects you from acid and corrosion.
Wands
 k - a wand of digging (14)
Scrolls
 f - 8 scrolls of teleportation
 j - 20 scrolls of identify
 u - 2 scrolls of brand weapon
 J - a scroll of enchant weapon
Potions
 a - a potion of resistance
 b - 3 potions of lignification
 d - 3 potions of might
 e - 3 potions of attraction
 m - 6 potions of mutation
 n - 3 potions of cancellation
 o - 7 potions of magic
 q - 3 potions of haste

Dungeon Overview and Level Annotations

Branches:
Dungeon (15/15)            Temple (1/1) D:5            Lair (5/5) D:10
  Swamp (0/4) Lair:2        Snake (0/4) Lair:3        Slime (0/5) Lair:5
    Orc (2/2) D:11            Elf (0/3) Orc:2        Vaults (0/5) D:13
 Depths (0/4) D:15          Sewer (visited)         Gauntlet (visited)

Altars:
Ashenzari
Cheibriados
Dithmenos
Elyvilon
Fedhas
Gozag
Hepliaklqana
Kikubaaqudgha
Makhleb
Nemelex Xobeh
Okawaru
Qazlal
Ru
Sif Muna
Trog
Uskayaw
Vehumet
Wu Jian
Xom
Yredelemnul
Zin
The Shining One

Shops:
D:5 ?   Orc:1 :[([

Portals:
Trove: D:15 (give +3 shadow dragon scales)

Annotations:
Lair:1 1 runed translucent door
Orc:2 Saint Roka


Message History

Enter note:
Enter note:
Enter note:
Enter note: You completely miss the orc warrior.
The orc shouts!
You slice the orc warrior!!
The orc no longer looks unusually strong.
The orc warrior hits you but does no damage.
You block the orc warrior's attack.
Saint Roka mumbles some strange prayers to Beogh against you.
Beogh smites you!
An orc warrior comes into view. It is wielding a +0 long sword.
The orc moves out of view.
25661 ||| READING 9 scrolls of teleportation.
As you read the scroll of teleportation, it crumbles to dust.
You feel strangely unstable.
The orc warrior shouts!
The orc warrior no longer looks unusually strong.
You block the orc warrior's attack.
The orc warrior hits you but does no damage.
Saint Roka invokes the aid of Beogh against you.
Beogh smites you!
25662 ||| DRINKING potion of heal wounds.
You feel much better.
The orc priest no longer looks unusually strong.
The orc warrior no longer looks unusually strong.
The orc no longer looks unusually strong.
You block the orc warrior's attack. The orc closely misses you.
The orc warrior hits you from afar with a +0 trident!
You block the orc warrior's attack.
Saint Roka calls down the wrath of Beogh upon you.
Beogh smites you!
You slash the orc warrior!
You kill the orc warrior!
Okawaru accepts your kill.
You hit the orc warrior. You hit the orc but do no damage.
Saint Roka invokes the aid of Beogh against you.
Beogh smites you!
You die...

############## ##...#..
###............##
##.......
##...##########..#
#....##.. ##..###
#...###.####....##.
#..## #... #..# ##....##
#..# #. ...####.##
###.### #.##
8##o###'##8.#..## ###..
#.#
....oo.))...'.8.#####...
#.#
...oo8o@(...'....#.#....
#.#
....oo)o)..)).8.........
#.##
8##'###+##8.#).#.#......
#..# #. ####.####......
#..## #..# ##.....
##..### ##.## #......
##...##########..#
##.....
###............## ##
##.... ##############
##.####...


You could see Saint Roka, 3 orc warriors, an orc priest, an orc wizard (strong)
and 3 orcs.

Vanquished Creatures
  Rupert (D:13)
  Kirke (D:15)
  Gastronok (D:10)
  A minotaur (Gauntlet)
  2 rakshasas (D:15)
  Erolcha (D:9)
  Fannar (D:10)
  6 hydras
  A merfolk avatar (Lair:5)
  6 centaur warriors
  A catoblepas (D:13)
  11 two-headed ogres
  2 boulder beetles
  6 death yaks
  6 tengu warriors
  A deep elf knight (D:13)
  Amaemon (Lair:1)
  Nergalle (D:10)
  2 skysharks
  A sea snake (Lair:5)
  A death drake (shapeshifter) (D:15)
  A glowing orange brain (D:15)
  7 skeletal warriors (D:14)
  A deep elf archer (D:12)
  Pikel (D:8)
  6 deep elf pyromancers
  3 orc sorcerers (Orc:2)
  3 deep elf zephyrmancers (D:13)
  5 cyclopes
  25 ugly things
  5 manticores
  An orc knight (D:13)
  6 elephants
  Joseph (D:8)
  A black mamba (shapeshifter) (D:14)
  An apocalypse crab (Gauntlet)
  7 black mambas
  18 slime creatures
  2 unseen horrors (D:10)
  10 cane toads
  An eye of devastation (Gauntlet)
  2 torpor snails
  An orange demon (Lair:1)
  2 gargoyles
  An unseen horror zombie (D:8)
  3 rime drakes
  7 kobold demonologists
  9 komodo dragons
  An efreet (D:13)
  5 yaktaurs (D:13)
  2 tengu conjurers
  A wind drake (Lair:5)
  5 polar bears
  10 trolls
  A queen bee (Gauntlet)
  2 hornets
  2 dream sheep (Lair:1)
  12 blink frogs
  A shadow (D:10)
  2 wraiths
  A spriggan (Lair:4)
  3 wyverns
  45 yaks
  A vampire (D:12)
  2 hogs (D:15)
  2 humans
  5 steam dragons
  2 golden eyes (Gauntlet)
  An unseen horror simulacrum (D:10)
  7 basilisks
  Grum (Lair:3)
  2 vampire mosquitoes (D:11)
  A naga (shapeshifter) (D:8)
  2 acid dragons
  14 wargs
  11 water moccasins
  35 orc warriors
  3 hell hounds (D:12)
  A hornet zombie (D:8)
  A black bear (D:6)
  4 ice beasts
  2 sky beasts (D:7)
  9 ogres
  11 wolves
  12 centaurs
  Blork the orc (D:4)
  2 lemures (D:8)
  3 necrophages (D:8)
  5 bullfrogs
  7 gnoll sergeants (D:12)
  A wyvern zombie (D:8)
  5 scorpions
  14 wights
  8 killer bees
  4 electric eels
  11 howler monkeys
  6 jellies
  A human zombie (D:8)
  16 orc priests
  4 hounds
  3 gnoll boudas
  3 sleepcaps
  18 orc wizards
  Natasha (thrice) (D:4)
  4 iguanas
  A centaur simulacrum (D:10)
  3 mummies (D:8)
  13 gnolls
  6 adders
  3 river rats (Sewer)
  2 shadow imps
  3 white imps (D:10)
  An ufetubus (D:5)
  6 worms
  2 dart slugs
  82 orcs
  12 ball pythons
  16 endoplasms
  2 giant cockroaches
  6 goblins
  5 hobgoblins
  8 kobolds
  3 quokkas
  10 bats
  3 frilled lizards
  7 rats
719 creatures vanquished.

Vanquished Creatures (others)
  A deep elf pyromancer (D:12)
1 creature vanquished.

Grand Total: 720 creatures vanquished

Notes
Turn   | Place    | Note
-------+----------+-------------------------------------------
     0 | D:1      | qw the Gargoyle Fighter began the quest for the Orb.
     0 | D:1      | Reached XP level 1. HP: 14/14 MP: 1/1
     0 | D:1      | 0 ||| qw: Version: 0.2-a-107-g4668610
     0 | D:1      | 0 ||| qw: Game counter: 1206
     0 | D:1      | 0 ||| qw: Always use a shield: true
     0 | D:1      | 0 ||| qw: God list: Okawaru
     0 | D:1      | 0 ||| qw: Allow faded altars: false
     0 | D:1      | 0 ||| qw: Do Orc after D:15 true
     0 | D:1      | 0 ||| qw: Do second Lair branch before Depths: true
     0 | D:1      | 0 ||| qw: Lair rune preference: random
     0 | D:1      | 0 ||| qw: Plans: Normal, Zot:1-4, Slime:5, God:TSO, Crypt,
                  | Tomb, Abyss, Pan, Hells, Win
     0 | D:1      | 0 ||| PLANNING D:1-11
    67 | D:1      | Reached skill level 2 in Axes
    72 | D:1      | 72 ||| Stepping ~*~*~tactically~*~*~ (stealth).
    84 | D:1      | 84 ||| FLEEEEING.
    85 | D:1      | 85 ||| FLEEEEING.
    86 | D:1      | 86 ||| FLEEEEING.
    87 | D:1      | 87 ||| FLEEEEING.
    88 | D:1      | 88 ||| FLEEEEING.
    89 | D:1      | 89 ||| FLEEEEING.
    90 | D:1      | 90 ||| FLEEEEING.
   186 | D:1      | Reached XP level 2. HP: 19/19 MP: 2/2
   189 | D:1      | 189 ||| Stepping ~*~*~tactically~*~*~ (hiding).
   213 | D:1      | 213 ||| FLEEEEING.
   214 | D:1      | 214 ||| FLEEEEING.
   215 | D:1      | 215 ||| FLEEEEING.
   216 | D:1      | 216 ||| FLEEEEING.
   219 | D:1      | 219 ||| FLEEEEING.
   220 | D:1      | 220 ||| FLEEEEING.
   223 | D:1      | 223 ||| FLEEEEING.
   224 | D:1      | 224 ||| FLEEEEING.
   228 | D:1      | 228 ||| FLEEEEING.
   229 | D:1      | 229 ||| FLEEEEING.
   230 | D:1      | 230 ||| FLEEEEING.
   250 | D:1      | 250 ||| Stepping ~*~*~tactically~*~*~ (stealth).
   262 | D:1      | 262 ||| Stepping ~*~*~tactically~*~*~ (stealth).
   471 | D:1      | Reached skill level 3 in Axes
   529 | D:1      | Reached XP level 3. HP: 23/23 MP: 3/3
   613 | D:1      | 613 ||| Stepping ~*~*~tactically~*~*~ (hiding).
   616 | D:1      | 616 ||| Stepping ~*~*~tactically~*~*~ (stealth).
   659 | D:1      | 659 ||| READING scroll labelled QYDACU VAQER.
   664 | D:1      | 664 ||| DRINKING 2 smoky inky potions.
   698 | D:2      | 698 ||| STAIRDANCE
   987 | D:2      | 987 ||| DROPPING +0 whip.
  1027 | D:2      | Reached XP level 4. HP: 28/28 MP: 4/4
  1298 | D:2      | Reached skill level 4 in Axes
  1397 | D:2      | 1397 ||| Stepping ~*~*~tactically~*~*~ (hiding).
  1469 | D:2      | 1469 ||| READING scroll labelled HUQ JYIBEELO.
  1470 | D:2      | 1470 ||| READING scroll labelled UTUCZOUHOR.
  1471 | D:2      | 1471 ||| READING scroll labelled CIELUO OTOZADGH.
  1472 | D:2      | 1472 ||| READING scroll labelled RALOEXAFEBB.
  1483 | D:3      | 1483 ||| PLANNING SEWER
  1745 | D:3      | Found an ancient bone altar of Kikubaaqudgha.
  1850 | D:3      | Found a glowing drain.
  1855 | D:3      | 1855 ||| READING 2 scrolls labelled ULASIN VUCOTTAEME.
  1856 | D:3      | 1856 ||| DROPPING scroll of magic mapping.
  1874 | Sewer    | Entered a sewer
  1883 | Sewer    | Reached XP level 5. HP: 32/32 MP: 5/5
  2057 | Sewer    | Reached skill level 5 in Axes
  2167 | Sewer    | 2167 ||| READING scroll labelled YSIEXT PORPHOE.
  2168 | Sewer    | 2168 ||| DROPPING potion of degeneration.
  2177 | D:3      | 2177 ||| PLANNING D:1-11
  2643 | D:3      | 2643 ||| DROPPING +6 ring of intelligence.
  2644 | D:3      | 2644 ||| DRINKING 3 blue potions.
  2921 | D:4      | Reached skill level 1 in Dodging
  2921 | D:4      | Reached XP level 6. HP: 38/38 MP: 6/6
  2931 | D:4      | Noticed Natasha
  2932 | D:4      | 2932 ||| Stepping ~*~*~tactically~*~*~ (hiding).
  2934 | D:4      | 2934 ||| Stepping ~*~*~tactically~*~*~ (hiding).
  2936 | D:4      | 2936 ||| Stepping ~*~*~tactically~*~*~ (hiding).
  2937 | D:4      | 2937 ||| FLEEEEING.
  2938 | D:4      | 2938 ||| FLEEEEING.
  2939 | D:4      | 2939 ||| FLEEEEING.
  2940 | D:4      | 2940 ||| FLEEEEING.
  2941 | D:4      | 2941 ||| FLEEEEING.
  2942 | D:4      | 2942 ||| FLEEEEING.
  2943 | D:4      | 2943 ||| FLEEEEING.
  2944 | D:4      | 2944 ||| FLEEEEING.
  2945 | D:4      | 2945 ||| FLEEEEING.
  2946 | D:4      | 2946 ||| FLEEEEING.
  2965 | D:4      | Killed Natasha
  2993 | D:4      | Noticed Natasha
  3007 | D:4      | HP: 5/38 [Natasha (6)]
  3008 | D:4      | 3008 ||| READING scroll of teleportation.
  3157 | D:4      | Killed Natasha
  3354 | D:4      | Noticed Natasha
  3355 | D:4      | Noticed Blork the orc
  3359 | D:4      | Killed Natasha
  3366 | D:4      | Killed Blork the orc
  3448 | D:4      | Reached skill level 6 in Axes
  3448 | D:4      | Reached XP level 7. HP: 43/43 MP: 7/7
  3670 | D:4      | 3670 ||| UPGRADING to +0 helmet.
  3675 | D:4      | 3675 ||| UPGRADING to +0 cloak.
  3680 | D:4      | 3680 ||| READING scroll labelled COCWASSULUO.
  3681 | D:4      | 3681 ||| DRINKING 2 bubbling golden potions.
  3681 | D:4      | Gained mutation: You passively dampen the noise of your
                  | surroundings. [potion of mutation]
  3681 | D:4      | Gained mutation: Your spells are a little harder to cast,
                  | but a little more powerful. [potion of mutation]
  3682 | D:4      | 3682 ||| READING 2 scrolls of identify.
  3682 | D:4      | 3682 ||| IDENTIFYING silvery potion
  3700 | D:5      | Entered Level 5 of the Dungeon
  3912 | D:5      | 3912 ||| READING scroll of enchant armour.
  3912 | D:5      | 3912 ||| ENCHANTING +0 helmet.
  3985 | D:5      | Reached skill level 7 in Axes
  4118 | D:5      | Found a broken altar of Ashenzari.
  4181 | D:5      | Found a staircase to the Ecumenical Temple.
  4182 | D:5      | 4182 ||| PLANNING TEMPLE
  4182 | D:5      | 4182 ||| UPGRADING to +4 ring of slaying {mikee}.
  4183 | D:5      | 4183 ||| READING scroll labelled PUASTALOAX.
  4215 | D:5      | 4215 ||| DRINKING 2 pink potions.
  4216 | D:5      | 4216 ||| DRINKING 2 viscous pink potions.
  4217 | D:5      | 4217 ||| DRINKING 2 potions of curing.
  4217 | D:5      | 4217 ||| (to cure confusion)
  4218 | D:5      | 4218 ||| DRINKING 2 clear potions.
  4219 | D:5      | 4219 ||| READING 2 scrolls of identify.
  4219 | D:5      | 4219 ||| IDENTIFYING brown potion
  4220 | D:5      | 4220 ||| DROPPING potion of brilliance.
  4221 | D:5      | 4221 ||| DROPPING potion of ambrosia.
  4230 | Temple   | Entered the Ecumenical Temple
  4231 | Temple   | 4231 ||| PLANNING D:1-11
  4275 | D:5      | Reached skill level 1 in Throwing
  4275 | D:5      | Reached XP level 8. HP: 38/50 MP: 8/8
  4328 | D:5      | 4328 ||| Stepping ~*~*~tactically~*~*~ (stealth).
  4329 | D:5      | 4329 ||| Stepping ~*~*~tactically~*~*~ (stealth).
  4464 | D:5      | Noticed a wyvern
  4479 | D:5      | HP: 8/50 [wyvern (9)]
  4480 | D:5      | 4480 ||| DRINKING potion of heal wounds.
  4481 | D:5      | Killed a wyvern
  4736 | D:5      | Found Xoduhy Muull's Magic Scroll Shoppe.
  4739 | D:5      | 4739 ||| BUYING scroll of identify (26 gold).
  4739 | D:5      | Bought a scroll of identify for 26 gold pieces
  4739 | D:5      | 4739 ||| BUYING scroll of identify (26 gold).
  4739 | D:5      | Bought a scroll of identify for 26 gold pieces
  4739 | D:5      | 4739 ||| BUYING scroll of teleportation (39 gold).
  4739 | D:5      | Bought a scroll of teleportation for 39 gold pieces
  4739 | D:5      | 4739 ||| READING 3 scrolls of identify.
  4739 | D:5      | 4739 ||| IDENTIFYING ruby potion
  4803 | D:6      | Found a shimmering blue altar of Sif Muna.
  4805 | D:6      | Found a white marble altar of Elyvilon.
  4806 | D:6      | Found a shimmering altar of Xom.
  4812 | D:6      | Reached skill level 8 in Axes
  4822 | D:6      | Found a burning altar of Makhleb.
  4823 | D:6      | Found a sparkling altar of Nemelex Xobeh.
  4825 | D:6      | Found an iron altar of Okawaru.
  4825 | D:6      | Found a hide-covered altar of Uskayaw.
  4826 | D:6      | 4826 ||| PLANNING OKAWARU WORSHIP
  4826 | D:6      | Found a blossoming altar of Fedhas.
  4829 | D:6      | Found a sacrificial altar of Ru.
  4830 | D:6      | Became a worshipper of Warmaster Okawaru
  4830 | D:6      | 4830 ||| PLANNING D:1-11
  4833 | D:6      | Found a snail-covered altar of Cheibriados.
  4834 | D:6      | Found a shadowy altar of Dithmenos.
  4844 | D:6      | 4844 ||| Stepping ~*~*~tactically~*~*~ (hiding).
  4974 | D:6      | 4974 ||| Stepping ~*~*~tactically~*~*~ (hiding).
  4986 | D:6      | Reached skill level 6 in Fighting
  5151 | D:6      | 5151 ||| DROPPING +0 war axe.
  5275 | D:6      | 5275 ||| DROPPING +0 flail.
  5287 | D:6      | Identified the +0 ring mail of the Game of Kings {Will+
                  | Str+2 Dex+2}
  5332 | D:6      | Reached skill level 9 in Axes
  5332 | D:6      | Reached XP level 9. HP: 25/55 MP: 9/9
  5462 | D:6      | 5462 ||| Stepping ~*~*~tactically~*~*~ (hiding).
  5778 | D:6      | 5778 ||| UPGRADING to +0 ring mail of the Game of Kings
                  | {Will+ Str+2 Dex+2}.
  5788 | D:6      | 5788 ||| DROPPING +0 scale mail.
  5789 | D:6      | 5789 ||| UPGRADING to +0 chain mail.
  5799 | D:6      | 5799 ||| DROPPING +0 ring mail of the Game of Kings {Will+
                  | Str+2 Dex+2}.
  5800 | D:6      | 5800 ||| UPGRADING to +0 chain mail of cold resistance.
  5810 | D:6      | 5810 ||| DROPPING +0 chain mail.
  5811 | D:6      | 5811 ||| READING scroll labelled JUSEME JAOJAOL.
  5834 | D:7      | Reached * piety under Okawaru
  5856 | D:7      | 5856 ||| Stepping ~*~*~tactically~*~*~ (hiding).
  5948 | D:7      | Found a glowing golden altar of the Shining One.
  5992 | D:7      | 5992 ||| READING 2 scrolls of enchant weapon.
  5992 | D:7      | 5992 ||| ENCHANTING +0 vampiric war axe.
  5993 | D:7      | 5993 ||| READING scroll of enchant weapon.
  5993 | D:7      | 5993 ||| ENCHANTING +1 vampiric war axe.
  5995 | D:7      | 5995 ||| INVOKING Heroism.
  6032 | D:7      | Reached skill level 1 in Invocations
  6036 | D:7      | 6036 ||| INVOKING Heroism.
  6096 | D:7      | Found a glowing silver altar of Zin.
  6185 | D:7      | 6185 ||| DRINKING 4 potions of curing.
  6185 | D:7      | 6185 ||| (to cure confusion)
  6223 | D:7      | Found a radiant altar of Vehumet.
  6627 | D:7      | 6627 ||| INVOKING Heroism.
  6666 | D:7      | Found an opulent altar of Gozag.
  6773 | D:7      | Noticed a hornet
  6786 | D:7      | 6786 ||| INVOKING Heroism.
  6787 | D:7      | Killed a hornet
  6788 | D:7      | Reached skill level 3 in Invocations
  7012 | D:7      | 7012 ||| READING scroll labelled DIQULYU XIKAKA.
  7049 | D:8      | 7049 ||| INVOKING Heroism.
  7067 | D:8      | Noticed a two-headed ogre
  7068 | D:8      | 7068 ||| Stepping ~*~*~tactically~*~*~ (stealth).
  7069 | D:8      | 7069 ||| Stepping ~*~*~tactically~*~*~ (stealth).
  7070 | D:8      | 7070 ||| INVOKING Heroism.
  7072 | D:8      | HP: 4/57 [two-headed ogre/+0 giant spiked club (12)]
  7073 | D:8      | 7073 ||| READING 3 scrolls of teleportation.
  7074 | D:8      | 7074 ||| DRINKING potion of heal wounds.
  7109 | D:8      | 7109 ||| FLEEEEING.
  7110 | D:8      | 7110 ||| FLEEEEING.
  7113 | D:8      | 7113 ||| STAIRDANCE
  7152 | D:8      | 7152 ||| INVOKING Heroism.
  7160 | D:8      | 7160 ||| STAIRDANCE
  7162 | D:7      | Killed a two-headed ogre
  7163 | D:7      | Reached skill level 10 in Axes
  7163 | D:7      | Reached XP level 10. HP: 27/63 MP: 10/12
  7285 | D:8      | 7285 ||| STAIRDANCE
  7326 | D:8      | Noticed a gargoyle
  7327 | D:8      | 7327 ||| Stepping ~*~*~tactically~*~*~ (hiding).
  7328 | D:8      | 7328 ||| Stepping ~*~*~tactically~*~*~ (hiding).
  7331 | D:8      | 7331 ||| INVOKING Heroism.
  7335 | D:8      | 7335 ||| Stepping ~*~*~tactically~*~*~ (cloud).
  7375 | D:8      | 7375 ||| Stepping ~*~*~tactically~*~*~ (stealth).
  7386 | D:8      | Killed a gargoyle
  7530 | D:8      | 7530 ||| DRINKING 3 potions of curing.
  7530 | D:8      | 7530 ||| (to cure confusion)
  7531 | D:8      | 7531 ||| DRINKING 2 potions of curing.
  7531 | D:8      | 7531 ||| (to cure confusion)
  7534 | D:8      | 7534 ||| DRINKING potion of curing.
  7534 | D:8      | 7534 ||| (to cure confusion)
  7615 | D:8      | Reached ** piety under Okawaru
  7644 | D:8      | 7644 ||| Stepping ~*~*~tactically~*~*~ (hiding).
  7650 | D:8      | 7650 ||| INVOKING Heroism.
  7681 | D:8      | Noticed Joseph
  7685 | D:8      | 7685 ||| Stepping ~*~*~tactically~*~*~ (hiding).
  7693 | D:8      | 7693 ||| INVOKING Heroism.
  7702 | D:8      | Killed Joseph
  7945 | D:8      | 7945 ||| Stepping ~*~*~tactically~*~*~ (stealth).
  7952 | D:8      | 7952 ||| Stepping ~*~*~tactically~*~*~ (hiding).
  8019 | D:8      | 8019 ||| DROPPING +1 war axe of venom.
  8295 | D:8      | Noticed Pikel
  8304 | D:8      | Killed Pikel
  8305 | D:8      | Reached skill level 11 in Axes
  8309 | D:8      | 8309 ||| INVOKING Heroism.
  8335 | D:8      | 8335 ||| FLEEEEING.
  8336 | D:8      | 8336 ||| FLEEEEING.
  8337 | D:8      | 8337 ||| FLEEEEING.
  8338 | D:8      | 8338 ||| FLEEEEING.
  8339 | D:8      | 8339 ||| FLEEEEING.
  8385 | D:8      | 8385 ||| DROPPING +3 war axe.
  8623 | D:8      | Reached skill level 6 in Armour
  8726 | D:8      | Reached *** piety under Okawaru
  8819 | D:8      | Found a basalt altar of Yredelemnul.
  8829 | D:8      | Reached skill level 9 in Fighting
  8829 | D:8      | Reached XP level 11. HP: 71/71 MP: 14/14
  8829 | D:8      | 8829 ||| UPGRADING to +0 plate armour.
  8839 | D:8      | 8839 ||| UPGRADING to +0 pair of boots.
  8844 | D:8      | 8844 ||| READING scroll labelled KAAFUO XIASKEXT.
  8940 | D:9      | Found a stormy altar of Qazlal.
  8986 | D:9      | Noticed a two-headed ogre
  8999 | D:9      | 8999 ||| INVOKING Heroism.
  9006 | D:9      | Killed a two-headed ogre
  9304 | D:9      | Found a bloodstained altar of Trog.
  9328 | D:9      | 9328 ||| INVOKING Heroism.
  9401 | D:9      | 9401 ||| Stepping ~*~*~tactically~*~*~ (hiding).
  9402 | D:9      | 9402 ||| Stepping ~*~*~tactically~*~*~ (hiding).
  9649 | D:9      | Noticed Erolcha
  9650 | D:9      | 9650 ||| Stepping ~*~*~tactically~*~*~ (hiding).
  9653 | D:9      | 9653 ||| INVOKING Heroism.
  9659 | D:9      | Killed Erolcha
  9669 | D:9      | Found an ornate altar of the Wu Jian Council.
  9679 | D:9      | 9679 ||| DROPPING scarf of harm.
  9697 | D:10     | Entered Level 10 of the Dungeon
  9700 | D:10     | 9700 ||| Stepping randomly (disturbance).
  9792 | D:10     | 9792 ||| Stepping ~*~*~tactically~*~*~ (stealth).
  9809 | D:10     | 9809 ||| Stepping ~*~*~tactically~*~*~ (hiding).
  9815 | D:10     | Reached **** piety under Okawaru
  9994 | D:10     | Noticed a death yak
  9995 | D:10     | 9995 ||| Stepping ~*~*~tactically~*~*~ (hiding).
  9999 | D:10     | Found a staircase to the Lair.
 10010 | D:10     | 10010 ||| Stepping ~*~*~tactically~*~*~ (stealth).
 10012 | D:10     | 10012 ||| Stepping ~*~*~tactically~*~*~ (stealth).
 10025 | D:10     | 10025 ||| Stepping ~*~*~tactically~*~*~ (stealth).
 10029 | D:10     | 10029 ||| INVOKING Heroism.
 10053 | D:10     | Killed a death yak
 10054 | D:10     | Reached skill level 12 in Axes
 10075 | D:10     | 10075 ||| Stepping ~*~*~tactically~*~*~ (hiding).
 10088 | D:10     | 10088 ||| INVOKING Heroism.
 10131 | D:10     | 10131 ||| Stepping ~*~*~tactically~*~*~ (hiding).
 10137 | D:10     | 10137 ||| INVOKING Heroism.
 10186 | D:10     | Noticed Gastronok
 10187 | D:10     | 10187 ||| INVOKING Heroism.
 10201 | D:10     | Killed Gastronok
 10202 | D:10     | Reached skill level 9 in Armour
 10246 | D:10     | Noticed Fannar
 10247 | D:10     | 10247 ||| INVOKING Heroism.
 10263 | D:10     | 10263 ||| FLEEEEING.
 10264 | D:10     | Killed Fannar
 10265 | D:10     | Reached skill level 6 in Shields
 10519 | D:10     | Reached XP level 12. HP: 63/76 MP: 16/16
 10619 | D:10     | Reached skill level 6 in Invocations
 10786 | D:10     | 10786 ||| Stepping ~*~*~tactically~*~*~ (hiding).
 10805 | D:10     | 10805 ||| Stepping ~*~*~tactically~*~*~ (stealth).
 10893 | D:10     | Noticed Nergalle
 10894 | D:10     | 10894 ||| INVOKING Heroism.
 10914 | D:10     | Killed Nergalle
 10942 | D:10     | 10942 ||| PLANNING LAIR
 10942 | D:10     | 10942 ||| READING 7 scrolls of identify.
 10942 | D:10     | 10942 ||| IDENTIFYING black potion
 10979 | Lair:1   | Entered Level 1 of the Lair of Beasts
 10980 | Lair:1   | 10980 ||| PLANNING GAUNTLET
 10980 | Lair:1   | 10980 ||| INVOKING Heroism.
 11050 | Lair:1   | 11050 ||| Stepping ~*~*~tactically~*~*~ (stealth).
 11071 | Lair:1   | Noticed a death yak
 11072 | Lair:1   | 11072 ||| INVOKING Heroism.
 11072 | Lair:1   | Noticed a death yak
 11073 | Lair:1   | 11073 ||| Stepping ~*~*~tactically~*~*~ (stealth).
 11087 | Lair:1   | Killed a death yak
 11094 | Lair:1   | Noticed a death yak
 11095 | Lair:1   | 11095 ||| Stepping ~*~*~tactically~*~*~ (stealth).
 11096 | Lair:1   | Noticed a death yak
 11096 | Lair:1   | Noticed a death yak
 11097 | Lair:1   | 11097 ||| Stepping ~*~*~tactically~*~*~ (stealth).
 11099 | Lair:1   | 11099 ||| Stepping ~*~*~tactically~*~*~ (stealth).
 11110 | Lair:1   | Killed a death yak
 11110 | Lair:1   | Reached ***** piety under Okawaru
 11111 | Lair:1   | 11111 ||| INVOKING Finesse.
 11113 | Lair:1   | Killed a death yak
 11120 | Lair:1   | Killed a death yak
 11123 | Lair:1   | Killed a death yak
 11183 | Lair:1   | 11183 ||| Stepping ~*~*~tactically~*~*~ (stealth).
 11184 | Lair:1   | 11184 ||| Stepping ~*~*~tactically~*~*~ (stealth).
 11188 | Lair:1   | 11188 ||| Stepping ~*~*~tactically~*~*~ (stealth).
 11193 | Lair:1   | 11193 ||| Stepping ~*~*~tactically~*~*~ (stealth).
 11195 | Lair:1   | 11195 ||| Stepping ~*~*~tactically~*~*~ (stealth).
 11207 | Lair:1   | Received a gift from Okawaru
 11342 | Lair:1   | Reached skill level 9 in Invocations
 11343 | Lair:1   | Found a gate leading to a gauntlet.
 11359 | Gauntlet | Entered a Gauntlet
 11359 | Gauntlet | Found a transporter.
 11359 | Gauntlet | Found a transporter.
 11369 | Gauntlet | Found a transporter.
 11372 | Gauntlet | Found a transporter.
 11383 | Gauntlet | Found a transporter.
 11383 | Gauntlet | Found a transporter.
 11392 | Gauntlet | Found the +7 sceptre of Torment {pain, torment}
 11394 | Gauntlet | Found a transporter.
 11409 | Gauntlet | Found a transporter.
 11413 | Gauntlet | Noticed a hell hog
 11426 | Gauntlet | Found a transporter.
 11429 | Gauntlet | Found a transporter.
 11439 | Gauntlet | Found a transporter.
 11442 | Gauntlet | Found a transporter.
 11522 | Gauntlet | 11522 ||| INVOKING Heroism.
 11560 | Gauntlet | 11560 ||| Stepping ~*~*~tactically~*~*~ (stealth).
 11569 | Gauntlet | 11569 ||| DRINKING potion of curing.
 11569 | Gauntlet | 11569 ||| (to cure confusion)
 11690 | Gauntlet | 11690 ||| READING scroll of enchant armour.
 11690 | Gauntlet | 11690 ||| ENCHANTING +1 helmet.
 11693 | Gauntlet | Identified the ring "Ditishit" {MP+9 Str+2}
 11694 | Gauntlet | 11694 ||| Stepping ~*~*~tactically~*~*~ (stealth).
 11711 | Gauntlet | 11711 ||| UPGRADING to ring "Ditishit" {MP+9 Str+2}.
 11837 | Gauntlet | 11837 ||| DROPPING +0 morningstar.
 11841 | Gauntlet | Identified the amulet "Jofod" {Reflect MP+9 Int+5 Dex-2
                  | SH+5}
 11843 | Gauntlet | 11843 ||| UPGRADING to amulet "Jofod" {Reflect MP+9 Int+5
                  | Dex-2 SH+5}.
 11884 | Gauntlet | 11884 ||| READING scroll labelled EMNIYD LOHIXUG.
 11936 | Gauntlet | Noticed a minotaur
 11937 | Gauntlet | 11937 ||| INVOKING Heroism.
 11938 | Gauntlet | 11938 ||| INVOKING Finesse.
 11944 | Gauntlet | Killed a minotaur
 11945 | Gauntlet | Reached skill level 13 in Axes
 12032 | Gauntlet | 12032 ||| READING scroll of enchant armour.
 12032 | Gauntlet | 12032 ||| ENCHANTING +0 pair of boots.
 12034 | Gauntlet | Identified the ring "Ruif" {rF+ rC+ rCorr Str-4}
 12091 | Gauntlet | 12091 ||| UPGRADING to ring "Ruif" {rF+ rC+ rCorr Str-4}.
 12093 | Gauntlet | 12093 ||| READING 2 scrolls labelled NYTAL VAYCAO.
 12094 | Gauntlet | 12094 ||| DROPPING scroll of poison.
 12134 | Lair:1   | 12134 ||| PLANNING LAIR
 12153 | Lair:1   | 12153 ||| INVOKING Heroism.
 12155 | Lair:1   | 12155 ||| Stepping ~*~*~tactically~*~*~ (stealth).
 12237 | Lair:1   | Reached XP level 13. HP: 82/82 MP: 20/20
 12268 | Lair:1   | 12268 ||| INVOKING Heroism.
 12271 | Lair:1   | Reached skill level 3 in Throwing
 12276 | Lair:1   | 12276 ||| Stepping ~*~*~tactically~*~*~ (stealth).
 12335 | Lair:1   | 12335 ||| Stepping ~*~*~tactically~*~*~ (stealth).
 12519 | Lair:1   | Noticed Amaemon
 12520 | Lair:1   | 12520 ||| INVOKING Heroism.
 12536 | Lair:1   | Killed Amaemon
 12705 | Lair:1   | 12705 ||| INVOKING Heroism.
 12708 | Lair:1   | 12708 ||| INVOKING Finesse.
 12710 | Lair:1   | 12710 ||| SWAPPING to +7 sceptre of Torment {pain,
                  | torment}.
 12715 | Lair:1   | 12715 ||| SWAPPING to +2 vampiric war axe.
 12781 | Lair:1   | 12781 ||| INVOKING Heroism.
 12862 | Lair:1   | Found a runed translucent door.
 12872 | Lair:1   | 12872 ||| DROPPING +7 sceptre of Torment {pain, torment}.
 12963 | Lair:1   | 12963 ||| INVOKING Heroism.
 13085 | Lair:1   | 13085 ||| UPGRADING to +4 ring of protection.
 13087 | Lair:1   | 13087 ||| DROPPING +6 ring of dexterity.
 13088 | Lair:1   | 13088 ||| DROPPING ring "Ditishit" {MP+9 Str+2}.
 13153 | Lair:2   | 13153 ||| INVOKING Heroism.
 13223 | Lair:2   | Found a staircase to the Swamp.
 13404 | Lair:2   | Identified the +1 robe of Protective Custody {Harm Dex+4}
 13517 | Lair:2   | 13517 ||| INVOKING Heroism.
 13643 | Lair:2   | 13643 ||| Stepping ~*~*~tactically~*~*~ (stealth).
 13677 | Lair:2   | 13677 ||| INVOKING Heroism.
 13678 | Lair:2   | 13678 ||| INVOKING Finesse.
 13836 | Lair:2   | 13836 ||| INVOKING Heroism.
 13837 | Lair:2   | 13837 ||| INVOKING Finesse.
 13843 | Lair:2   | 13843 ||| SWAPPING to +2 war axe of flaming.
 13845 | Lair:2   | Reached skill level 14 in Axes
 13845 | Lair:2   | 13845 ||| SWAPPING to +2 vampiric war axe.
 14085 | Lair:3   | 14085 ||| INVOKING Heroism.
 14086 | Lair:3   | 14086 ||| Stepping ~*~*~tactically~*~*~ (stealth).
 14086 | Lair:3   | Noticed Grum
 14087 | Lair:3   | 14087 ||| Stepping ~*~*~tactically~*~*~ (stealth).
 14094 | Lair:3   | Killed Grum
 14126 | Lair:3   | 14126 ||| Stepping ~*~*~tactically~*~*~ (stealth).
 14152 | Lair:3   | Received a gift from Okawaru
 14161 | Lair:3   | Found a staircase to the Snake Pit.
 14186 | Lair:3   | 14186 ||| READING scroll of enchant weapon.
 14186 | Lair:3   | 14186 ||| ENCHANTING +2 vampiric war axe.
 14276 | Lair:3   | 14276 ||| INVOKING Heroism.
 14448 | Lair:3   | 14448 ||| Stepping ~*~*~tactically~*~*~ (stealth).
 14450 | Lair:3   | 14450 ||| INVOKING Heroism.
 14454 | Lair:3   | 14454 ||| SWAPPING to +2 war axe of flaming.
 14461 | Lair:3   | Received a gift from Okawaru
 14462 | Lair:3   | 14462 ||| SWAPPING to +3 vampiric war axe.
 14710 | Lair:3   | 14710 ||| INVOKING Heroism.
 14868 | Lair:3   | 14868 ||| UPGRADING to amulet of faith.
 14983 | Lair:4   | 14983 ||| Stepping ~*~*~tactically~*~*~ (stealth).
 14990 | Lair:4   | 14990 ||| Stepping ~*~*~tactically~*~*~ (stealth).
 15202 | Lair:4   | Gained mutation: Your large and strong wings let you fly.
                  | [Gargoyle growth]
 15202 | Lair:4   | Reached XP level 14. HP: 90/90 MP: 21/21
 15203 | Lair:4   | Identified the +1 demon blade of Internal Strife {pain, rC+
                  | Int+3} (Okawaru gifted it to you on level 4 of the Lair of
                  | Beasts)
 15203 | Lair:4   | Received a gift from Okawaru
 15282 | Lair:4   | 15282 ||| Stepping ~*~*~tactically~*~*~ (stealth).
 15283 | Lair:4   | 15283 ||| Stepping ~*~*~tactically~*~*~ (stealth).
 15287 | Lair:4   | 15287 ||| Stepping ~*~*~tactically~*~*~ (stealth).
 15547 | Lair:4   | 15547 ||| FLEEEEING.
 15549 | Lair:4   | 15549 ||| FLEEEEING.
 15550 | Lair:4   | 15550 ||| FLEEEEING.
 15551 | Lair:4   | 15551 ||| FLEEEEING.
 15552 | Lair:4   | 15552 ||| INVOKING Heroism.
 15883 | Lair:5   | Entered Level 5 of the Lair of Beasts
 15891 | Lair:5   | 15891 ||| Stepping ~*~*~tactically~*~*~ (hiding).
 15899 | Lair:5   | Reached skill level 15 in Axes
 16135 | Lair:5   | 16135 ||| Stepping ~*~*~tactically~*~*~ (cloud).
 16220 | Lair:5   | 16220 ||| Stepping ~*~*~tactically~*~*~ (stealth).
 16285 | Lair:5   | 16285 ||| Stepping ~*~*~tactically~*~*~ (stealth).
 16286 | Lair:5   | 16286 ||| Stepping ~*~*~tactically~*~*~ (stealth).
 16287 | Lair:5   | 16287 ||| Stepping ~*~*~tactically~*~*~ (stealth).
 16297 | Lair:5   | 16297 ||| INVOKING Heroism.
 16300 | Lair:5   | Received a gift from Okawaru
 16471 | Lair:5   | Received a gift from Okawaru
 16548 | Lair:5   | Found a staircase to the Slime Pits.
 16572 | Lair:5   | 16572 ||| FLEEEEING.
 16573 | Lair:5   | 16573 ||| FLEEEEING.
 16574 | Lair:5   | 16574 ||| FLEEEEING.
 16575 | Lair:5   | 16575 ||| FLEEEEING.
 16576 | Lair:5   | 16576 ||| FLEEEEING.
 16577 | Lair:5   | 16577 ||| FLEEEEING.
 16578 | Lair:5   | 16578 ||| FLEEEEING.
 16579 | Lair:5   | 16579 ||| FLEEEEING.
 16580 | Lair:5   | 16580 ||| FLEEEEING.
 16581 | Lair:5   | 16581 ||| FLEEEEING.
 16582 | Lair:5   | 16582 ||| FLEEEEING.
 16583 | Lair:5   | 16583 ||| INVOKING Heroism.
 16584 | Lair:5   | 16584 ||| INVOKING Finesse.
 16614 | Lair:5   | Reached skill level 12 in Fighting
 16647 | Lair:5   | 16647 ||| Stepping ~*~*~tactically~*~*~ (cloud).
 16730 | Lair:5   | Identified the +2 morningstar of Roduqish {flame, Dex+2}
 16733 | Lair:5   | Identified the +1 trident of Vahiti {heavy, rPois Str+3}
 17015 | Lair:5   | 17015 ||| PLANNING D:1-11
 17015 | Lair:5   | 17015 ||| READING scroll labelled JAMOECKOHA.
 17116 | Lair:5   | 17116 ||| READING scroll labelled VUECSU LASEGUFF.
 17428 | D:11     | Found a staircase to the Orcish Mines.
 17451 | D:11     | 17451 ||| Stepping ~*~*~tactically~*~*~ (hiding).
 17660 | D:11     | 17660 ||| Stepping ~*~*~tactically~*~*~ (stealth).
 17662 | D:11     | 17662 ||| Stepping ~*~*~tactically~*~*~ (hiding).
 17929 | D:11     | Found a shimmering blue altar of Sif Muna.
 18098 | D:11     | 18098 ||| PLANNING D
 18133 | D:12     | 18133 ||| DRINKING 2 potions of curing.
 18133 | D:12     | 18133 ||| (to cure confusion)
 18266 | D:12     | 18266 ||| INVOKING Heroism.
 18267 | D:12     | 18267 ||| READING 13 scrolls of teleportation.
 18387 | D:12     | 18387 ||| Stepping ~*~*~tactically~*~*~ (hiding).
 18407 | D:12     | Received a gift from Okawaru
 18415 | D:12     | Reached skill level 16 in Axes
 18420 | D:12     | 18420 ||| DRINKING potion of curing.
 18420 | D:12     | 18420 ||| (to cure confusion)
 18444 | D:12     | 18444 ||| INVOKING Heroism.
 18460 | D:12     | 18460 ||| INVOKING Heroism.
 18497 | D:12     | HP: 22/92 [deep elf archer/arrow (9)]
 18498 | D:12     | 18498 ||| READING 12 scrolls of teleportation.
 18499 | D:12     | 18499 ||| DRINKING 2 potions of heal wounds.
 18505 | D:12     | 18505 ||| INVOKING Heroism.
 18627 | D:12     | 18627 ||| Stepping ~*~*~tactically~*~*~ (hiding).
 18823 | D:12     | 18823 ||| INVOKING Heroism.
 18824 | D:12     | 18824 ||| INVOKING Finesse.
 19016 | D:12     | 19016 ||| Stepping ~*~*~tactically~*~*~ (stealth).
 19049 | D:12     | 19049 ||| Stepping ~*~*~tactically~*~*~ (stealth).
 19073 | D:12     | Reached skill level 12 in Armour
 19073 | D:12     | Reached XP level 15. HP: 96/96 MP: 22/22
 19243 | D:12     | 19243 ||| Stepping ~*~*~tactically~*~*~ (stealth).
 19244 | D:12     | 19244 ||| Stepping ~*~*~tactically~*~*~ (stealth).
 19284 | D:12     | Reached skill level 3 in Dodging
 19285 | D:12     | Identified the +1 robe "Plog" {Slay+2} (Okawaru gifted it
                  | to you on level 12 of the Dungeon)
 19285 | D:12     | Received a gift from Okawaru
 19387 | D:12     | 19387 ||| UPGRADING to +0 kite shield.
 19391 | D:12     | Identified the +6 war axe of Caiwas {speed, rF+ Str+3 Dex+2
                  | Stlth-}
 19397 | D:12     | 19397 ||| DROPPING +0 buckler.
 19403 | D:12     | 19403 ||| Stepping ~*~*~tactically~*~*~ (hiding).
 19416 | D:12     | 19416 ||| INVOKING Heroism.
 19421 | D:12     | 19421 ||| Stepping ~*~*~tactically~*~*~ (hiding).
 19423 | D:12     | 19423 ||| Stepping ~*~*~tactically~*~*~ (hiding).
 19424 | D:12     | 19424 ||| Stepping ~*~*~tactically~*~*~ (hiding).
 19425 | D:12     | 19425 ||| Stepping ~*~*~tactically~*~*~ (hiding).
 19432 | D:12     | 19432 ||| Stepping ~*~*~tactically~*~*~ (hiding).
 19440 | D:12     | 19440 ||| Stepping ~*~*~tactically~*~*~ (hiding).
 19442 | D:12     | 19442 ||| Stepping ~*~*~tactically~*~*~ (hiding).
 19444 | D:12     | 19444 ||| Stepping ~*~*~tactically~*~*~ (hiding).
 19445 | D:12     | 19445 ||| Stepping ~*~*~tactically~*~*~ (hiding).
 19446 | D:12     | 19446 ||| Stepping ~*~*~tactically~*~*~ (hiding).
 19449 | D:12     | 19449 ||| Stepping ~*~*~tactically~*~*~ (hiding).
 19451 | D:12     | 19451 ||| Stepping ~*~*~tactically~*~*~ (hiding).
 19453 | D:12     | 19453 ||| Stepping ~*~*~tactically~*~*~ (hiding).
 19454 | D:12     | 19454 ||| Stepping ~*~*~tactically~*~*~ (hiding).
 19455 | D:12     | 19455 ||| INVOKING Heroism.
 19608 | D:12     | 19608 ||| SWAPPING to +6 war axe of Caiwas {speed, rF+
                  | Str+3 Dex+2 Stlth-}.
 19609 | D:12     | 19609 ||| DROPPING +3 vampiric war axe.
 19733 | D:12     | Reached skill level 9 in Shields
 20151 | D:13     | Noticed Rupert
 20152 | D:13     | 20152 ||| Stepping ~*~*~tactically~*~*~ (hiding).
 20153 | D:13     | 20153 ||| INVOKING Heroism.
 20154 | D:13     | 20154 ||| INVOKING Finesse.
 20166 | D:13     | Killed Rupert
 20197 | D:13     | 20197 ||| Stepping ~*~*~tactically~*~*~ (hiding).
 20354 | D:13     | 20354 ||| INVOKING Heroism.
 20355 | D:13     | 20355 ||| READING 12 scrolls of teleportation.
 20430 | D:13     | 20430 ||| FLEEEEING.
 20431 | D:13     | 20431 ||| FLEEEEING.
 20432 | D:13     | 20432 ||| FLEEEEING.
 20433 | D:13     | 20433 ||| FLEEEEING.
 20435 | D:13     | 20435 ||| FLEEEEING.
 20440 | D:13     | 20440 ||| FLEEEEING.
 20441 | D:13     | 20441 ||| FLEEEEING.
 20442 | D:13     | 20442 ||| FLEEEEING.
 20443 | D:13     | 20443 ||| Stepping ~*~*~tactically~*~*~ (hiding).
 20489 | D:13     | 20489 ||| Stepping ~*~*~tactically~*~*~ (stealth).
 20491 | D:13     | 20491 ||| Stepping ~*~*~tactically~*~*~ (stealth).
 20496 | D:13     | 20496 ||| Stepping ~*~*~tactically~*~*~ (hiding).
 20499 | D:13     | 20499 ||| Stepping ~*~*~tactically~*~*~ (hiding).
 20651 | D:13     | 20651 ||| Stepping ~*~*~tactically~*~*~ (stealth).
 20653 | D:13     | 20653 ||| Stepping ~*~*~tactically~*~*~ (hiding).
 20665 | D:13     | 20665 ||| FLEEEEING.
 20671 | D:13     | 20671 ||| FLEEEEING.
 20679 | D:13     | 20679 ||| STAIRDANCE
 20823 | D:12     | 20823 ||| DROPPING +3 war axe of freezing.
 20831 | D:12     | 20831 ||| DROPPING amulet of the acrobat.
 20832 | D:12     | 20832 ||| READING 18 scrolls of identify.
 20832 | D:12     | 20832 ||| IDENTIFYING murky red potion
 20833 | D:12     | 20833 ||| DROPPING potion of invisibility.
 21023 | D:13     | 21023 ||| INVOKING Heroism.
 21033 | D:13     | Received a gift from Okawaru
 21038 | D:13     | 21038 ||| Stepping ~*~*~tactically~*~*~ (hiding).
 21047 | D:13     | HP: 23/97 [centaur warrior/arrow (8)]
 21048 | D:13     | 21048 ||| READING 11 scrolls of teleportation.
 21049 | D:13     | 21049 ||| DRINKING potion of heal wounds.
 21050 | D:13     | 21050 ||| INVOKING Heroism.
 21342 | D:13     | 21342 ||| Stepping ~*~*~tactically~*~*~ (hiding).
 21378 | D:13     | 21378 ||| DROPPING +0 broad axe of freezing.
 21380 | D:13     | 21380 ||| INVOKING Heroism.
 21409 | D:13     | Found a gate to the Vaults.
 21626 | D:14     | Reached skill level 12 in Shields
 21676 | D:14     | 21676 ||| Stepping ~*~*~tactically~*~*~ (hiding).
 21678 | D:14     | 21678 ||| Stepping ~*~*~tactically~*~*~ (hiding).
 21682 | D:14     | 21682 ||| INVOKING Heroism.
 21691 | D:14     | Received a gift from Okawaru
 21895 | D:14     | 21895 ||| Stepping ~*~*~tactically~*~*~ (stealth).
 21906 | D:14     | Received a gift from Okawaru
 22012 | D:14     | Received a gift from Okawaru
 22052 | D:14     | 22052 ||| Stepping ~*~*~tactically~*~*~ (hiding).
 22076 | D:14     | 22076 ||| INVOKING Heroism.
 22118 | D:14     | Reached XP level 16. HP: 103/103 MP: 23/23
 22290 | D:14     | Reached skill level 6 in Throwing
 22479 | D:15     | Entered Level 15 of the Dungeon
 22562 | D:15     | 22562 ||| Stepping ~*~*~tactically~*~*~ (stealth).
 22563 | D:15     | 22563 ||| Stepping ~*~*~tactically~*~*~ (stealth).
 22565 | D:15     | 22565 ||| READING 10 scrolls of teleportation.
 22566 | D:15     | 22566 ||| INVOKING Heroism.
 22642 | D:15     | 22642 ||| Stepping ~*~*~tactically~*~*~ (stealth).
 22723 | D:15     | 22723 ||| Stepping ~*~*~tactically~*~*~ (hiding).
 22725 | D:15     | 22725 ||| Stepping ~*~*~tactically~*~*~ (hiding).
 22776 | D:15     | 22776 ||| Stepping ~*~*~tactically~*~*~ (stealth).
 22798 | D:15     | 22798 ||| INVOKING Heroism.
 22937 | D:15     | Noticed Kirke
 22938 | D:15     | 22938 ||| Stepping ~*~*~tactically~*~*~ (stealth).
 22940 | D:15     | 22940 ||| INVOKING Heroism.
 22943 | D:15     | 22943 ||| Stepping ~*~*~tactically~*~*~ (stealth).
 22945 | D:15     | 22945 ||| INVOKING Finesse.
 22948 | D:15     | 22948 ||| Stepping ~*~*~tactically~*~*~ (stealth).
 22959 | D:15     | Killed Kirke
 23002 | D:15     | 23002 ||| INVOKING Heroism.
 23013 | D:15     | Received a gift from Okawaru
 23054 | D:15     | 23054 ||| Stepping ~*~*~tactically~*~*~ (hiding).
 23056 | D:15     | 23056 ||| Stepping ~*~*~tactically~*~*~ (hiding).
 23060 | D:15     | 23060 ||| DRINKING potion of curing.
 23060 | D:15     | 23060 ||| (to cure confusion)
 23077 | D:15     | 23077 ||| Stepping ~*~*~tactically~*~*~ (hiding).
 23081 | D:15     | 23081 ||| INVOKING Heroism.
 23101 | D:15     | Found a staircase to the Depths.
 23107 | D:15     | 23107 ||| Stepping ~*~*~tactically~*~*~ (hiding).
 23475 | D:15     | 23475 ||| INVOKING Heroism.
 23476 | D:15     | 23476 ||| INVOKING Finesse.
 23521 | D:15     | 23521 ||| Stepping ~*~*~tactically~*~*~ (stealth).
 23522 | D:15     | 23522 ||| INVOKING Heroism.
 23538 | D:15     | 23538 ||| Stepping ~*~*~tactically~*~*~ (stealth).
 23539 | D:15     | 23539 ||| Stepping ~*~*~tactically~*~*~ (stealth).
 23572 | D:15     | 23572 ||| READING scroll of enchant armour.
 23572 | D:15     | 23572 ||| ENCHANTING +1 pair of boots.
 23620 | D:15     | 23620 ||| INVOKING Heroism.
 23621 | D:15     | 23621 ||| INVOKING Finesse.
 23622 | D:15     | 23622 ||| SWAPPING to +2 war axe of flaming.
 23629 | D:15     | 23629 ||| SWAPPING to +6 war axe of Caiwas {speed, rF+
                  | Str+3 Dex+2 Stlth-}.
 23762 | D:15     | Found a portal to a secret trove of treasure.
 24003 | D:15     | 24003 ||| PLANNING ORC
 24003 | D:15     | 24003 ||| UPGRADING to +2 kite shield.
 24013 | D:15     | 24013 ||| DROPPING +0 kite shield.
 24119 | Orc:1    | Entered Level 1 of the Orcish Mines
 24176 | Orc:1    | Found Veddaed's Book Boutique.
 24318 | Orc:2    | Entered Level 2 of the Orcish Mines
 24321 | Orc:2    | 24321 ||| STAIRDANCE
 24391 | Orc:1    | Found Fuoschorph's Antique Armour Shop.
 24391 | Orc:1    | Found Cablaaq's Weapon Emporium.
 24422 | Orc:1    | 24422 ||| BUYING shiny helmet (135 gold).
 24422 | Orc:1    | Bought a shiny helmet for 135 gold pieces
 24474 | Orc:1    | Found Diwn's Armour Shop.
 24492 | Orc:1    | 24492 ||| BUYING +0 helmet of see invisible (161 gold).
 24492 | Orc:1    | Bought a +0 helmet of see invisible for 161 gold pieces
 24492 | Orc:1    | 24492 ||| BUYING +0 shadow dragon scales (1120 gold).
 24492 | Orc:1    | Bought +0 shadow dragon scales for 1120 gold pieces
 24705 | Orc:1    | 24705 ||| DROPPING +2 helmet.
 24706 | Orc:1    | 24706 ||| UPGRADING to +0 helmet of see invisible.
 24716 | Orc:1    | 24716 ||| UPGRADING to +0 shadow dragon scales.
 24726 | Orc:1    | 24726 ||| DROPPING +0 plate armour.
 24841 | Orc:2    | 24841 ||| Stepping ~*~*~tactically~*~*~ (hiding).
 25060 | Orc:2    | 25060 ||| Stepping ~*~*~tactically~*~*~ (hiding).
 25061 | Orc:2    | 25061 ||| Stepping ~*~*~tactically~*~*~ (hiding).
 25062 | Orc:2    | 25062 ||| Stepping ~*~*~tactically~*~*~ (hiding).
 25065 | Orc:2    | 25065 ||| Stepping ~*~*~tactically~*~*~ (hiding).
 25080 | Orc:2    | 25080 ||| Stepping ~*~*~tactically~*~*~ (stealth).
 25091 | Orc:2    | 25091 ||| Stepping ~*~*~tactically~*~*~ (stealth).
 25095 | Orc:2    | 25095 ||| Stepping ~*~*~tactically~*~*~ (stealth).
 25097 | Orc:2    | 25097 ||| Stepping ~*~*~tactically~*~*~ (stealth).
 25102 | Orc:2    | 25102 ||| Stepping ~*~*~tactically~*~*~ (hiding).
 25173 | Orc:2    | Found a staircase to the Elven Halls.
 25183 | Orc:2    | 25183 ||| INVOKING Heroism.
 25273 | Orc:2    | 25273 ||| Stepping ~*~*~tactically~*~*~ (stealth).
 25283 | Orc:2    | 25283 ||| Stepping ~*~*~tactically~*~*~ (stealth).
 25381 | Orc:2    | 25381 ||| Stepping ~*~*~tactically~*~*~ (hiding).
 25383 | Orc:2    | 25383 ||| Stepping ~*~*~tactically~*~*~ (hiding).
 25384 | Orc:2    | 25384 ||| Stepping ~*~*~tactically~*~*~ (hiding).
 25385 | Orc:2    | 25385 ||| Stepping ~*~*~tactically~*~*~ (hiding).
 25386 | Orc:2    | 25386 ||| Stepping ~*~*~tactically~*~*~ (hiding).
 25613 | Orc:2    | 25613 ||| Stepping ~*~*~tactically~*~*~ (stealth).
 25627 | Orc:2    | 25627 ||| INVOKING Heroism.
 25633 | Orc:2    | Noticed Saint Roka
 25642 | Orc:2    | Received a gift from Okawaru
 25660 | Orc:2    | HP: 24/105 [Saint Roka/divine providence (14)]
 25661 | Orc:2    | 25661 ||| READING 9 scrolls of teleportation.
 25662 | Orc:2    | 25662 ||| DRINKING potion of heal wounds.
 25662 | Orc:2    | HP: 7/105 [Saint Roka/divine providence (11)]
 25663 | Orc:2    | Killed from afar by Saint Roka

Levels and vault maps discovered:
D:1:      psy_arrival_dodecagon, layout_rooms, st_stairs_14, glass_columns_a,
          minmay_misc_feat_chi, minmay_misc_feat_room
D:2:      layout_basic, guppyfry_early_lair_pool
D:3:      layout_basic, nicolae_kikubaaqudgha_miasma_corner,
          cheibrodos_sewer_entry_drain
D:4:      layout_cave_pods, item_on_display_a, uniq_natasha, uniq_blork_the_orc
D:5:      layout_gridville, cheibrodos_ashenzari_chains, temple_hall,
          serial_shops, nicolae_shop_rolled_up, grunt_ministairs_15,
          minmay_small_thing
D:6:      layout_basic, nicolae_overflow_hallway_of_the_gods
D:7:      layout_basic, pdpol_temple_overflow_zin_treasury_gozag_greed,
          lemuel_coloured_pillars_altar, vehumet_crystals,
          minmay_tree_intersection, kennysheep_pointless_box, serial_park_tiny_1
D:8:      layout_loops_ring, lemuel_mausoleum_altar_yredelemnul,
          minmay_three_doors, uniq_joseph, uniq_pikel
D:9:      layout_roguey, nicolae_qazlal_scattered_showers, bloody_trog,
          nicolae_overflow_hidden_temple, minmay_puff, uniq_erolcha
D:10:     layout_roguey, david_lair_generic, serial_ice, serial_ice_k,
          serial_ice_o, serial_ice_f, serial_ice_g, serial_ice_h, serial_ice_e,
          uniq_gastronok, uniq_fannar, uniq_nergalle
D:11:     layout_loops_corners, orc_0_dummy, led_sif_pool
D:12:     lemuel_castle_with_subvaults [lemuel_castle_interior_carwin_1],
          layout_stronghold
D:13:     layout_roguey [special_room_orc],
          hangedman_vaults_entry_quadrant_bands, uniq_rupert
D:14:     layout_basic, minmay_misc_feat_enclosed, minmay_misc_feat_iff
D:15:     gammafunk_enter_depths_forms, layout_basic,
          nicolae_trove_entry_free_sample, hangedman_abyss_or_decor_stabs,
          uniq_kirke
Temple:   ebering_the_one_and_only
Lair:1:   layout_cave_pods, gauntlet_entry_generic,
          pdpol_lair_cabin_in_the_woods, grunt_megastairs_2, uniq_amaemon
Lair:2:   layout_long_grid, swamp_mist, serial_bayou_lake_a
Lair:3:   beargit_carnivore_pack, layout_loops_ring,
          minmay_snake_entry_six_corridors, infiniplex_staircase_pool,
          lemuel_fruit_fields
Lair:4:   layout_cave_pods, grunt_forest_large_clearing_hut
Lair:5:   gammafunk_lair_ancient_temple, layout_cave_pods,
          nicolae_slime_entry_slimehenge
Orc:1:    nicolae_orc_accident_1, layout_caves, serial_shops, shop,
          nicolae_shop_rolling_square, shop, shop
Orc:2:    grunt_orc_community_town_hall, layout_caves,
          grunt_orc_community_big_house_1, grunt_orc_community_big_house_2,
          grunt_orc_community_house_3, grunt_orc_community_house_1,
          grunt_orc_community_house_3, grunt_orc_community_house_3,
          grunt_orc_community_house_2

Skill      XL: |  1  2  3  4  5  6  7  8  9 10 11 12 13 14 15 16 |
---------------+-------------------------------------------------+-----
Axes           | 2 3 4 5 6 7 9 10 11 12 13 14 16 | 16.0
Fighting       | 4 5 6 7 9 10 11 12 13 | 13.7
Dodging        | 1 2 3 4 |  4.0
Throwing       | 1 2 5 7 |  7.0
Shields        | 4 5 6 7 8 13 | 13.6
Armour         | 5 6 9 10 12 | 12.6
Invocations    | 3 4 5 10 | 10.0

Action                     |  1- 3 |  4- 6 |  7- 9 | 10-12 | 13-15 | 16-18 || total
---------------------------+-------+-------+-------+-------+-------+-------++-------
  Melee: War axe           |   109 |   209 |   262 |   537 |  1052 |   316 ||  2485
         Eveningstar       |       |       |       |       |     4 |       ||     4
  Throw: Boomerang         |       |    19 |    55 |    75 |   133 |     8 ||   290
         Javelin           |       |       |       |     4 |    52 |    50 ||   106
 Invoke: Heroism           |       |       |     7 |    18 |    30 |    10 ||    65
         Finesse           |       |       |       |     2 |     6 |     3 ||    11
    Use: Scroll            |     1 |     7 |    11 |     6 |     8 |     3 ||    36
         Potion            |     1 |     1 |     8 |     4 |     4 |     2 ||    20
   Stab: Distracted        |       |       |       |     1 |       |       ||     1
 Armour: Scale mail        |    39 |   109 |    77 |       |       |       ||   225
         Chain mail        |       |       |    44 |    55 |       |       ||    99
         Plate armour      |       |       |       |   199 |   646 |    64 ||   909
         Shadow dragon sca |       |       |       |       |       |    11 ||    11
  Dodge: Dodged            |    40 |    80 |    93 |   106 |   289 |    39 ||   647
  Block: Buckler           |    19 |    44 |    27 |    92 |   239 |       ||   421
         Kite shield       |       |       |       |       |   116 |   104 ||   220

Table legend:
 A = Non-vault XP
 B = Vault XP
 C = Vault XP percentage of total XP
 D = Non-vault monster count
 E = Vault monster count
 F = Vault count percentage of total count
                 A         B        C        D         E       F
            +---------+---------+-------+---------+---------+-------
      Total |   91038 |   67332 |  42.5 |     453 |     264 |  36.8
            +---------+---------+-------+---------+---------+-------
        D:1 |      47 |       3 |   6.0 |      24 |       2 |   7.7
        D:2 |      61 |       0 |   0.0 |      18 |       0 |   0.0
        D:3 |      73 |       4 |   5.2 |      17 |       3 |  15.0
        D:4 |     231 |     137 |  37.2 |      12 |       2 |  14.3
        D:5 |     667 |     295 |  30.7 |      19 |       3 |  13.6
        D:6 |    1056 |       0 |   0.0 |      29 |       0 |   0.0
        D:7 |    2113 |       0 |   0.0 |      20 |       0 |   0.0
        D:8 |    1750 |    2715 |  60.8 |      29 |      17 |  37.0
        D:9 |     856 |    1878 |  68.7 |      18 |       5 |  21.7
       D:10 |    2767 |    5391 |  66.1 |      20 |      17 |  45.9
       D:11 |    2512 |       0 |   0.0 |       9 |       0 |   0.0
       D:12 |    5426 |   19395 |  78.1 |      21 |      54 |  72.0
       D:13 |    6702 |   10012 |  59.9 |      14 |      46 |  76.7
       D:14 |   15297 |       0 |   0.0 |      24 |       0 |   0.0
       D:15 |   14810 |    7627 |  34.0 |      27 |      12 |  30.8
     Lair:1 |   12619 |    2641 |  17.3 |      45 |       5 |  10.0
     Lair:2 |    7072 |       0 |   0.0 |      26 |       0 |   0.0
     Lair:3 |    4578 |    2246 |  32.9 |      15 |       9 |  37.5
     Lair:4 |    4429 |    1115 |  20.1 |      13 |       3 |  18.8
     Lair:5 |    5037 |    7759 |  60.6 |      12 |      28 |  70.0
      Orc:1 |     740 |     533 |  41.9 |       9 |       4 |  30.8
      Orc:2 |    2195 |    2743 |  55.5 |      32 |      31 |  49.2
      Sewer |       0 |      84 | 100.0 |       0 |      13 | 100.0
   Gauntlet |       0 |    2754 | 100.0 |       0 |      10 | 100.0
            +---------+---------+-------+---------+---------+-------
